 Dungeon Crawl Stone Soup version 0.29.1-12-g30fa7ad0bf (webtiles) character file.

Game seed: 3245132990837113970

7 hawla the Chiller (level 2, -4/27 (30) HPs)
             Began as a Meteoran Ice Elementalist on Jan 9, 2023.
             Slain by a necrophage (5 damage)
             ... on level 2 of the Dungeon.
             The game lasted 00:01:16 (175 turns).

hawla the Chiller (Meteoran Ice Elementalist)        Turns: 175, Time: 00:01:16

HP:   -4/27 (30)    AC:  2    Str: 15    XL:     2   Next: 23%
MP:   1/6           EV: 12    Int: 16    God:
Gold: 60            SH:  0    Dex: 14    Spells: 5/6 levels left

rFire   . . .      SeeInvis .   (no weapon)
rCold   . . .      Faith    .   (no shield)
rNeg    . . .      Spirit   .   a - +0 robe
rPois   .          Reflect  .   (no helmet)
rElec   .          Harm     .   (no cloak)
rCorr   .          Rampage  .   (no gloves)
Will    .....                   (no boots)
Stlth   ..........              (no amulet)
HPRegen 0.09/turn               g - ring of flight
MPRegen 0.10/turn               h - +6 ring of strength

@: berserking, flying, glowing, heavily drained, very quick
A: sense surroundings 1, otherworldly, glowing, explore regen
a: no special abilities


You were on level 2 of the Dungeon.
You visited 1 branch of the dungeon, and saw 2 of its levels.

You collected 60 gold pieces.

Inventory:

Armour
 a - a +0 robe (worn)
Jewellery
 g - a ring of flight (left hand)
 h - a +6 ring of strength (right hand)
Scrolls
 c - a scroll of immolation
 e - 3 scrolls of identify
Potions
 b - a potion of magic
 f - a potion of flight {unknown}


   Skills:
 + Level 2.4 Dodging
 - Level 1.4 Stealth
 + Level 2.9 Spellcasting
 + Level 4.7 Ice Magic


You had 5 spell levels left.
You knew the following spells:

 Your Spells              Type           Power      Damage    Failure   Level
a - Freeze                Ice            68%        1d8       2%          1

Your spell library contained the following spells:

 Spells                   Type           Power      Damage    Failure   Level
 Frozen Ramparts          Ice            34%        1d6       9%          3
 Ozocubu's Armour         Ice            17%        N/A       9%          3
 Hailstorm                Conj/Ice       9%         3d4       56%         4


Dungeon Overview and Level Annotations

Branches:
Dungeon (2/15) Zot: 1026

Altars:


Innate Abilities, Weirdness & Mutations

You passively map a small area around you.
You are easily found by Zot.
You glow in the dark.
You regain HP and MP as you explore.


Message History

Press: ? - help, Shift-Dir - straight line, f/p - necrophage
Aim: a necrophage (moderately damaged)
You freeze the necrophage.
The necrophage resists.
The necrophage is moderately damaged.
The necrophage hits you.
Unknown command.
Casting: Freeze (safe; 2% risk of failure)
Confirm with . or Enter, or press ? or * to list all spells.
Aiming: Freeze (safe; 2% risk of failure)
Press: ? - help, Shift-Dir - straight line, f/p - necrophage
Aim: a necrophage (moderately damaged)
You freeze the necrophage.
The necrophage resists.
The necrophage is heavily damaged.
The necrophage closely misses you.
Unknown command.
As you read the scroll labelled ETRI OJ MAI, it crumbles to dust.
It is a scroll of identify.
c - a scroll of immolation The necrophage hits you.
* * * LOW HITPOINT WARNING * * *
You feel drained.
* * * LOW HITPOINT WARNING * * *
Unknown command.
Okay, then.
It was a potion of berserk rage.
A red film seems to cover your vision as you go berserk!
You feel yourself moving faster!
You feel mighty! The necrophage hits you.
* * * LOW HITPOINT WARNING * * *
You completely miss the necrophage.
The necrophage is heavily damaged.
You hit the necrophage.
The necrophage is heavily damaged.
The necrophage hits you.
* * * LOW HITPOINT WARNING * * *
You punch the necrophage!
The necrophage is almost destroyed.
You closely miss the necrophage.
The necrophage is almost destroyed.
The necrophage hits you.
You die...

####### ...... *
#.... , ##...#
## * ....# . * #
#...# .# #
#.##.#n..##.##.#
#.....@........
, ##...##)..#.##
#.# *#.#...####
.. #........# ,
. * ,##<......#*
*, #.......# , ,
#.......#* , , ,
#.......# , *, ,
, #.......# *


You could see a necrophage.

Vanquished Creatures
  3 ball pythons (D:1)
  2 kobolds
  A bat (D:2)
  A goblin (D:1)
7 creatures vanquished.

Notes
Turn   | Place    | Note
-------+----------+-------------------------------------------
     0 | D:1      | hawla the Meteoran Ice Elementalist began the quest for the
                  | Orb.
     0 | D:1      | Reached XP level 1. HP: 14/14 MP: 5/5
   129 | D:1      | Reached XP level 2. HP: 18/20 MP: 4/6
   160 | D:2      | Noticed a necrophage
   173 | D:2      | HP: 1/27 [necrophage (2)]
   175 | D:2      | Slain by a necrophage

Illustrated notes

Levels and vault maps discovered:
D:1:      zelgadis_glass_arrival_small, layout_loops_ring, minmay_misc_feat_x
D:2:      layout_loops_cross, dilly_ecumenical_altar_fadedgnrine,
          minmay_pentomino_z4

Action                   || total
-------------------------++-------
Melee: Unarmed           ||     4
 Cast: Freeze            ||    15
  Use: Scroll            ||     1
       Potion            ||     1
Armor: Robe              ||     2
Dodge: Dodged            ||    13
